AoeStats
← ska_18

Nomad

504966757Analyzed
3v3 RM · 25d ago on Sep 7, 2026· 32m 43s· 6 players
Game mode
Random Map
Map size
210×210
Population
200
Speed
Normal
Resources
Standard
Victory
Conquest
Starting age
Dark Age
Ending age
Imperial Age
RankedLock teamsTeams togetherTeam positionsShared explorationLock speedFull tech treeHidden civsTurbo modeCheats
Victory
Defeat
🇬🇧 Tatars · United Kingdom
1098
+15
🇦🇺 Khmer · Australia
1074
+16
🇹🇼 Vietnamese · Taiwan
1010
+20
🇵🇱 Dravidians · Poland
1101
-18
🇦🇹 Saracens · Austria
1086
-17
1054
-16
Fritz Flabbergasted Blitz
14:27 Feudal Age
12:46 Loom
15:02 Double-Bit Axe
17:13 Gold Mining
20:08 Castle Age
19:06 Horse Collar
19:30 Stone Mining
20:38 Bloodlines
21:05 Gold Mining
24:14 Scale Barding Armor
25:07 Husbandry
31:38 Wheelbarrow
ska_18
WELL-pack
5:14 Loom
13:35 Feudal Age
18:06 Castle Age
19:31 Medium Warships
24:54 Forging
28:48 Pikeman
31:57 Scale Mail Armor
33:27 Wheelbarrow
Ultimate_Boredom
5:43 Loom
14:23 Feudal Age
15:37 Double-Bit Axe
19:09 Castle Age
17:08 Horse Collar
20:38 Bow Saw
20:33 Town Watch
22:06 Wheelbarrow
22:58 Gold Mining
23:27 Hand Cart
23:32 Fishing Lines
24:37 Heavy Plow
26:36 Fletching
27:21 Bodkin Arrow
27:55 Town Patrol
29:29 Gold Shaft Mining
30:09 Padded Archer Armor
30:13 Husbandry
30:26 Bloodlines
30:56 Ballistics
31:16 Leather Archer Armor
31:48 Silk Armor
beshySwazza
12:04 Feudal Age
12:54 Fishing Lines
13:05 Loom
15:29 Double-Bit Axe
18:19 Castle Age
17:09 Gold Mining
18:09 Horse Collar
18:51 Bloodlines
21:40 Forging
25:45 Scale Barding Armor
31:01 Bow Saw
32:40 Husbandry
33:03 Chain Barding Armor
33:19 Iron Casting
隆隆
5:21 Loom
17:50 Feudal Age
18:27 Double-Bit Axe
18:24 Horse Collar
22:22 Castle Age
20:37 Gold Mining
22:42 Fletching
25:32 Pikeman
32:48 Bow Saw
Connection lost

Rejoining the realm…

Still unreachable

The connection could not be restored.

Session expired

The server has moved on; the page needs a fresh start.